 Dungeon Crawl Stone Soup version 0.20.1-1-g8b1a95d (webtiles) character file.

31577 equalderp2856 the Severer (level 13, -12/117 HPs)
             Began as a Minotaur Fighter on Aug 15, 2017.
             Engulfed by a fire crab's flame (27 damage)
             ... on level 5 of the Lair of Beasts.
             The game lasted 00:46:44 (19631 turns).

equalderp2856 the Severer (Minotaur Fighter)       Turns: 19631, Time: 00:46:45

Health: -12/117    AC: 18    Str: 23    XL:     13   Next: 26%
Magic:  23/23      EV:  9    Int:  6    God:
Gold:   848        SH: 13    Dex: 12    Spells: 3/15 levels left

rFire    . . .     SeeInvis .   Y - +0 war axe (chop)
rCold    . . .     Gourm    .   c - +0 shield
rNeg     . . .     Faith    .   a - +0 plate armour
rPois    +         Spirit   .   (helmet restricted)
rElec    .         Reflect  .   (no cloak)
rCorr    .         Harm     .   k - +2 pair of gloves
MR       .....                  (no boots)
Stlth    ..........             N - amulet of regeneration
Regen    0.7/turn               H - ring of magical power
MPRegen  0.2/turn               S - ring of poison resistance

@: about to teleport, starving
A: retaliatory headbutt, horns 2
a: no special abilities


You were on level 5 of the Lair of Beasts.
You were starving.

You visited 2 branches of the dungeon, and saw 15 of its levels.

You collected 848 gold pieces.

Inventory:

Hand Weapons
 p - a +0 trident
 D - a +0 hand crossbow of velocity
 P - a +1 war axe
 Y - a +0 war axe of chopping (weapon)
Missiles
 l - 86 bolts
Armour
 a - a +0 plate armour (worn)
 c - a +0 shield (worn)
 k - a +2 pair of gloves (worn)
 T - a +3 ring mail of cold resistance
Jewellery
 v - an uncursed amulet of faith
 H - a ring of magical power (left hand)
 L - an uncursed ring of see invisible
 N - an amulet of regeneration (around neck)
 Q - a +3 ring of intelligence
 S - a ring of poison resistance (right hand)
 W - an uncursed amulet of rage
Wands
 b - a wand of random effects (29/48)
 d - a wand of acid (0/15)
 m - a wand of iceblast (1/15)
 q - a wand of iceblast (6/15)
 y - a wand of random effects (33/48)
 E - a wand of clouds (4/9)
 I - a wand of confusion (1/48)
 K - a wand of random effects (26/48)
 M - a wand of iceblast (6/15)
 X - a wand of polymorph (19/24)
Scrolls
 e - 7 scrolls of identify
 g - a scroll of recharging {unknown}
 h - 8 scrolls of remove curse
 i - 4 scrolls of enchant weapon {unknown}
 j - 2 scrolls of amnesia {unknown}
 n - 4 scrolls of enchant armour {unknown}
 x - 3 scrolls of teleportation
 B - 3 scrolls of random uselessness {unknown}
 U - a scroll of brand weapon {unknown}
 Z - 2 scrolls of immolation {unknown}
Potions
 r - 5 potions of agility
 s - 2 potions of mutation {unknown}
 u - 3 potions of heal wounds {unknown}
 z - 2 potions of curing
 A - a potion of invisibility {unknown}
 C - 2 potions of resistance {unknown}
 F - 2 potions of haste
 G - a potion of berserk rage {unknown}
 O - 3 potions of brilliance {unknown}
 R - a potion of flight {unknown}
Books
 J - a book of Misfortune

   Spells                             Type                      Level
   a - Confusing Touch                Hexes                        1
   b - Confuse                        Hexes                        3
   c - Gell's Gravitas                Translocation                3
   d - Petrify                        Transmutation/Earth          4
   e - Metabolic Englaciation         Hexes/Ice                    5
   f - Yara's Violent Unravelling     Hexes/Transmutation          5
 V - a book of Battle

   Spells                             Type                      Level
   a - Infusion                       Charms                       1
   b - Shroud of Golubria             Charms/Translocation         2
   c - Song of Slaying                Charms                       2
   d - Spectral Weapon                Hexes/Charms                 3
   e - Regeneration                   Charms/Necromancy            3
Comestibles
 f - 4 royal jellies
 o - 6 meat rations
 t - 10 bread rations
 w - 11 fruits


   Skills:
 + Level 11.8 Fighting
 + Level 15.0(15.1) Axes
 + Level 1.7(10.2) Polearms
 + Level 11.5 Armour
 + Level 5.9 Dodging
 + Level 2.6 Stealth
 + Level 12.5 Shields
 * Level 1.9 Spellcasting
 * Level 1.8 Charms
 * Level 2.7 Evocations


You had 3 spell levels left.
You knew the following spells:

 Your Spells              Type           Power        Failure   Level  Hunger
a - Infusion              Chrm           #...         96%         1    ##.....
b - Shroud of Golubria    Chrm/Tloc      #.........   100%        2    ###....
c - Song of Slaying       Chrm           #.......     99%         2    ###....
d - Regeneration          Chrm/Necr      #.........   100%        3    ####...
e - Spectral Weapon       Hex/Chrm       #.......     100%        3    ####...
f - Confusing Touch       Hex            #.....       99%         1    ##.....


Dungeon Overview and Level Annotations

Branches:
Dungeon (10/15)            Temple (0/1) D:5            Lair (5/6) D:10
  Swamp (0/4) Lair:4        Snake (0/4) Lair:4        Slime (0/5) Lair:5
    Orc (0/2) D:10

Altars:
Dithmenos
Elyvilon
Fedhas
Hepliaklqana
Nemelex Xobeh
Qazlal
Vehumet
Jiyva

Annotations:
D:3 2 runed doors
D:9 Haldmier's ghost, journeyman TrTm
Lair:1 Urug


Innate Abilities, Weirdness & Mutations

You reflexively headbutt those who attack you in melee.
You have a pair of horns on your head.


Message History

* * * LOW HITPOINT WARNING * * *
You are engulfed in blazing flames.
* * * LOW HITPOINT WARNING * * *
Sorry, you're not good enough to have a special ability.
You feel better. The fire crab breathes flames at you.
The blast of flame engulfs you!
* * * LOW HITPOINT WARNING * * *
You feel better.
You are engulfed in blazing flames.
* * * LOW HITPOINT WARNING * * *
The fire crab breathes flames at you. The blast of flame engulfs you!
You are engulfed in blazing flames.
* * * LOW HITPOINT WARNING * * *
You feel better. The fire crab breathes flames at you.
The blast of flame engulfs you!
As you read the scroll of teleportation, it crumbles to dust.
You feel strangely unstable.
You are engulfed in blazing flames.
You die...

#..§####...######..######.$.##.#
##.§§# ##..# ##P.## ##.###.#
#..§## ##.## #...## #...####
#...# ##..# #....# ##.## ##...#
#..t# ##...# #.# #...#####..#
#...### #.### ......###..###
##§§.#P#####.#.###
#P....##.#...###§#§.#.P##....#.#.
.......$.....t§§@§§..............
....###.....#####§§.##P.........<
.....#####..# #.§§####..........
....## #### #.§## #..........
...### ### ##..####..........
...#.#######.###...##.#..........
....#.#.P##...#PP.#.#............
................................>
P.#...#.#.###......P.##..........


You could see a fire crab.

Vanquished Creatures
  Snorg (Lair:4)
  2 hydras (Lair:4)
  Erica (Lair:1)
  3 death yaks (Lair:4)
  A two-headed ogre (D:7)
  Pikel (D:6)
  4 elephants
  A manticore (Lair:4)
  2 black mambas
  Joseph (D:8)
  9 spiny frogs
  2 rime drakes
  4 komodo dragons
  2 meliai (Lair:3)
  A queen bee (Lair:4)
  2 hornets
  6 blink frogs (Lair:2)
  7 hippogriffs
  Sigmund (D:4)
  The ghost of Overlord the Ruffian, an amateur TrMo (D:3)
  6 basilisks
  3 wyverns
  30 yaks
  Eustachio (D:4)
  Menkaure (D:5)
  3 nagas (Lair:4)
  Edmund (D:4)
  5 water moccasins
  An orc warrior (D:9)
  13 porcupines
  A sky beast (D:10)
  4 ice beasts
  A black bear (D:10)
  4 phantoms
  A necrophage (D:9)
  5 wolves
  3 ogres
  13 crocodiles
  3 centaurs
  Blork the orc (D:5)
  11 bullfrogs
  2 scorpions
  A wyvern skeleton (D:10)
  43 killer bees
  5 wights (D:10)
  A howler monkey (D:4)
  4 hounds
  2 jellies
  A bullfrog zombie (D:6)
  A gnoll shaman (D:4)
  4 orc priests
  11 orc wizards
  Ijyb (D:4)
  2 bullfrog skeletons (D:4)
  4 iguanas
  A hell rat (Lair:4)
  5 worker ants
  A killer bee zombie (D:6)
  A hound zombie (D:10)
  Robin (D:1)
  A worker ant zombie (D:6)
  8 gnolls
  8 adders
  3 shadow imps
  2 adder skeletons
  4 worms
  2 dart slugs
  5 leopard geckos
  47 orcs
  2 ball pythons
  11 giant cockroaches
  20 goblins
  6 hobgoblins
  14 jackals
  6 kobolds
  4 quokkas
  8 bats
  4 frilled lizards
  5 rats
  2 fungi
  3 plants
419 creatures vanquished.

Vanquished Creatures (others)
  3 hounds (D:6)
  9 fungi
  8 plants
20 creatures vanquished.

Grand Total: 439 creatures vanquished

Notes
Turn   | Place    | Note
-------+----------+-------------------------------------------
     0 | D:1      | equalderp2856 the Minotaur Fighter began the quest for the Orb.
     0 | D:1      | Reached XP level 1. HP: 19/19 MP: 0/0
   255 | D:1      | Reached XP level 2. HP: 27/27 MP: 1/1
   800 | D:2      | Reached XP level 3. HP: 27/33 MP: 2/2
   975 | D:2      | Noticed Robin
  1220 | D:1      | Reached skill level 3 in Axes
  1239 | D:1      | Killed Robin
  1239 | D:1      | Reached XP level 4. HP: 18/40 MP: 3/3
  2350 | D:3      | Noticed Overlord's ghost (amateur TrMo)
  2353 | D:3      | Paralysed by fainting for 5 turns
  2356 | D:3      | Noticed a centaur
  2362 | D:3      | HP: 1/41 [centaur (3)]
  2363 | D:3      | Killed a centaur
  2363 | D:3      | Reached skill level 4 in Axes
  2363 | D:3      | Reached skill level 5 in Armour
  2363 | D:3      | Reached skill level 1 in Dodging
  2363 | D:3      | Reached XP level 5. HP: 1/47 MP: 4/4
  3020 | D:2      | Reached XP level 6. HP: 37/53 MP: 5/5
  3275 | D:3      | Killed Overlord's ghost
  3275 | D:3      | Reached skill level 5 in Fighting
  3275 | D:3      | Reached skill level 5 in Axes
  3798 | D:3      | Found a white marble altar of Elyvilon.
  3799 | D:3      | Found a runed door.
  3799 | D:3      | Noticed an angel
  4034 | D:3      | Found a runed door.
  4308 | D:4      | Noticed Eustachio
  4323 | D:4      | Killed Eustachio
  4323 | D:4      | Reached skill level 5 in Shields
  4323 | D:4      | Reached XP level 7. HP: 58/61 MP: 6/6
  4354 | D:4      | Reached skill level 6 in Axes
  4769 | D:4      | Noticed Edmund
  4777 | D:4      | Killed Edmund
  4798 | D:4      | Noticed Sigmund
  4824 | D:4      | Killed Sigmund
  4824 | D:4      | Reached XP level 8. HP: 28/69 MP: 7/7
  5181 | D:4      | Noticed Ijyb
  5189 | D:4      | Reached skill level 7 in Axes
  5193 | D:4      | Killed Ijyb
  5772 | D:5      | Entered Level 5 of the Dungeon
  5811 | D:5      | Found a blossoming altar of Fedhas.
  5962 | D:5      | Found a hazy altar of Hepliaklqana.
  6158 | D:5      | Reached skill level 8 in Axes
  6576 | D:5      | Noticed Menkaure
  6583 | D:5      | Killed Menkaure
  6788 | D:5      | Found a staircase to the Ecumenical Temple.
  6788 | D:5      | Noticed Blork the orc
  6802 | D:5      | Killed Blork the orc
  7153 | D:6      | Reached skill level 9 in Axes
  7157 | D:6      | Reached XP level 9. HP: 60/78 MP: 8/8
  7216 | D:6      | Found a sparkling altar of Nemelex Xobeh.
  7218 | D:6      | Found a radiant altar of Vehumet.
  7219 | D:6      | Found a stormy altar of Qazlal.
  7243 | D:6      | Noticed Pikel
  7273 | D:6      | Killed Pikel
  7485 | D:6      | Reached skill level 10 in Axes
  8353 | D:7      | Paralysed by fainting for 12 turns
  8368 | D:7      | Paralysed by fainting for 7 turns
  8383 | D:7      | Paralysed by fainting for 11 turns
  8610 | D:7      | Paralysed by fainting for 10 turns
  8856 | D:8      | Noticed a two-headed ogre
  8949 | D:7      | Killed a two-headed ogre
  8949 | D:7      | Reached skill level 1 in Stealth
  9031 | D:8      | Found a white marble altar of Elyvilon.
  9062 | D:8      | Reached XP level 10. HP: 88/88 MP: 9/9
  9768 | D:8      | Noticed Joseph
  9784 | D:8      | Killed Joseph
 10092 | D:9      | Noticed Haldmier's ghost (journeyman TrTm)
 10357 | D:10     | Entered Level 10 of the Dungeon
 10424 | D:10     | Reached skill level 11 in Axes
 10483 | D:9      | Paralysed by a hornet for 2 turns
 10546 | D:10     | Reached skill level 5 in Dodging
 10793 | D:10     | Found a staircase to the Lair.
 10902 | D:9      | Reached skill level 12 in Axes
 11284 | D:10     | Found a shadowy altar of Dithmenos.
 11390 | D:10     | Reached skill level 10 in Shields
 11469 | D:10     | Found a staircase to the Orcish Mines.
 11589 | D:10     | Reached XP level 11. HP: 89/96 MP: 10/10
 12035 | Lair:1   | Entered Level 1 of the Lair of Beasts
 12314 | Lair:1   | Noticed Erica
 12332 | Lair:1   | Killed Erica
 12719 | Lair:1   | Reached skill level 13 in Axes
 13799 | Lair:2   | Noticed Urug
 13991 | Lair:2   | Reached skill level 10 in Fighting
 14991 | Lair:3   | Reached XP level 12. HP: 61/105 MP: 11/11
 15011 | Lair:3   | Reached skill level 10 in Armour
 15539 | Lair:3   | Reached skill level 14 in Axes
 16010 | Lair:4   | Found a staircase to the Swamp.
 16768 | Lair:4   | Learned a level 1 spell: Infusion
 16771 | Lair:4   | Learned a level 2 spell: Shroud of Golubria
 16774 | Lair:4   | Learned a level 2 spell: Song of Slaying
 16778 | Lair:4   | Learned a level 3 spell: Regeneration
 16782 | Lair:4   | Learned a level 3 spell: Spectral Weapon
 16957 | Lair:4   | Noticed Snorg
 17016 | Lair:4   | Killed Snorg
 17069 | Lair:4   | Found a staircase to the Snake Pit.
 17427 | Lair:4   | Noticed a death yak
 17440 | Lair:4   | Killed a death yak
 17675 | Lair:5   | Found a viscous altar of Jiyva.
 17675 | Lair:5   | Found a staircase to the Slime Pits.
 17963 | Lair:4   | Reached skill level 1 in Evocations
 18112 | Lair:4   | Noticed a four-headed hydra
 18129 | Lair:4   | Killed a four-headed hydra
 18129 | Lair:4   | Reached skill level 1 in Spellcasting
 18166 | Lair:3   | Reached skill level 1 in Charms
 18382 | Lair:4   | Noticed a six-headed hydra
 18399 | Lair:4   | Killed a six-headed hydra
 18399 | Lair:4   | Reached XP level 13. HP: 49/117 MP: 13/13
 18546 | Lair:4   | Reached skill level 1 in Polearms
 19061 | Lair:5   | Reached skill level 15 in Axes
 19085 | Lair:5   | Learned a level 1 spell: Confusing Touch
 19629 | Lair:5   | HP: 4/117 [fire crab] (6)]
 19631 | Lair:5   | Engulfed by a fire crab's flame

Skill      XL: |  1  2  3  4  5  6  7  8  9 10 11 12 13 |
---------------+----------------------------------------+-----
Fighting       | 4 5 6 7 9 10 11 | 11.8
Armour         | 4 5 6 7 8 9 11 | 11.5
Shields        | 4 5 6 8 10 11 12 | 12.5
Axes           | 3 4 5 6 9 10 12 13 14 15 | 15.0
Dodging        | 1 2 3 4 5 |  5.9
Stealth        | 1 2 |  2.6
Evocations     | 2 |  2.7
Spellcasting   | 1 |  1.9
Charms         | 1 |  1.8
Polearms       | 1 |  1.7

Action                   |  1- 3 |  4- 6 |  7- 9 | 10-12 | 13-15 || total
-------------------------+-------+-------+-------+-------+-------++-------
Melee: War axe           |    77 |   143 |   318 |  1044 |   157 ||  1739
       Headbutt          |     6 |    25 |    66 |   220 |    39 ||   356
       Trident           |       |       |       |    21 |       ||    21
Evoke: Wand              |       |       |     7 |     6 |       ||    13
  Use: Potion            |       |     2 |       |     3 |     3 ||     8
       Scroll            |       |       |     3 |     6 |     1 ||    10
 Stab: Confused          |       |       |     4 |       |       ||     4
  Eat: Chunk             |     1 |     4 |    14 |    27 |     2 ||    48
       Bread ration      |       |     1 |       |       |       ||     1
       Fruit             |       |       |     3 |     5 |       ||     8
Armor: Scale mail        |    66 |    78 |   119 |    28 |       ||   291
       Ring mail         |       |       |       |    98 |       ||    98
       Plate armour      |       |       |       |   340 |    54 ||   394
Dodge: Dodged            |    36 |    72 |   130 |   360 |    31 ||   629
Block: Shield            |    62 |    95 |   193 |   770 |    92 ||  1212
